 Dungeon Crawl Stone Soup version 0.22-a0-571-g4a923d4 (webtiles) character file.

125 chorionicmirror the Grave Robber (level 4, -30/34 HPs)
             Began as a Demonspawn Necromancer on July 1, 2018.
             Annihilated by an ogre
             ... wielding a +0 giant club
              (31 damage)
             ... on level 4 of the Dungeon.
             The game lasted 00:16:35 (3442 turns).

chorionicmirror the Grave Robber (DsNe)             Turns: 3442, Time: 00:16:36

Health: -30/34     AC:  3    Str:  9    XL:     4   Next: 82%
Magic:  13/16      EV: 18    Int: 16    God:
Gold:   167        SH:  0    Dex: 19    Spells: 5/7 levels left

rFire    . . .     SeeInvis .   l - +0 long sword
rCold    . . .     Gourm    .   (no shield)
rNeg     + . .     Faith    .   a - +1 robe
rPois    .         Spirit   .   (helmet restricted)
rElec    .         Reflect  .   (no cloak)
rCorr    .         Harm     .   (no gloves)
MR       .....                  (no boots)
Stlth    +++.......             (no amulet)
HPRegen  0.11/turn              j - ring of positive energy
MPRegen  0.15/turn              i - ring of magical power

@: agile
A: antennae 1, blink, deterioration 1, sense surroundings 1, subdued magic 1
a: Blink


You were on level 4 of the Dungeon.
You were not hungry.

You visited 1 branch of the dungeon, and saw 4 of its levels.

You collected 167 gold pieces.

Inventory:

Hand Weapons
 l - a +0 long sword (weapon)
Armour
 a - a +1 robe (worn)
 e - a +0 helmet
Jewellery
 i - a ring of magical power (right hand)
 j - a ring of positive energy (left hand)
Scrolls
 b - 4 scrolls of enchant armour
 f - a scroll of identify
Potions
 h - a potion of flight
 n - a potion of magic
 q - a potion of agility


   Skills:
 * Level 2.5 Fighting
   Level 0.6(1.4) Short Blades
 * Level 2.0(2.1) Long Blades
 - Level 2.0 Dodging
 - Level 2.0 Stealth
 - Level 2.0 Spellcasting
 - Level 5.0 Necromancy


You had 5 spell levels left.
You knew the following spells:

 Your Spells              Type           Power        Failure   Level  Hunger
a - Pain                  Necr           ##..         1%          1    #......
b - Animate Skeleton      Necr           N/A          1%          1    #......

Your spell library contained the following spells:

 Spells                   Type           Power        Failure   Level  Hunger
 Animate Dead             Necr           N/A          22%         4    #####..
 Vampiric Draining        Necr           ##........   6%          3    ###....
 Regeneration             Chrm/Necr      #.........   19%         3    ###....


Dungeon Overview and Level Annotations

Branches:
Dungeon (4/15)
 Temple: D:4-7

Altars:
Dithmenos


Innate Abilities, Weirdness & Mutations

You have a pair of small antennae on your head.
You can translocate small distances at will.
Your body sometimes deteriorates upon taking damage.
You passively map a small area around you.
Your spells are a little easier to cast, but a little less powerful.


Message History

Aiming: Pain (safe; 1% risk of failure)
Press: ? - help, Shift-Dir - straight line, f - ogre
Aim: an ogre, wielding a giant club (heavily wounded, chance to defeat MR: 70%)
The ogre struggles to resist.
The ogre barely misses you.
You riposte.
You barely miss the ogre.
The ogre is heavily wounded.
Casting: Pain (safe; 1% risk of failure)
Confirm with . or Enter, or press ? or * to list all spells.
Aiming: Pain (safe; 1% risk of failure)
Press: ? - help, Shift-Dir - straight line, f/p - ogre
Aim: an ogre, wielding a giant club (heavily wounded, chance to defeat MR: 70%)
The ogre writhes in agony!
Casting: Pain (safe; 1% risk of failure)
Confirm with . or Enter, or press ? or * to list all spells.
Aiming: Pain (safe; 1% risk of failure)
Press: ? - help, Shift-Dir - straight line, f/p - ogre
Aim: an ogre, wielding a giant club (severely wounded, chance to defeat MR: 70%)
The ogre writhes in agony!
The ogre hits you with a giant club!!
Ouch! That really hurt!
You die...

, ,
##########
,
.........#
, ,
.........#
,
.........#
,, ,,
.........#
* * ,*
,.........#
,
.........#
, *
.!.....%O#*
, ,
........@#
,* * ,
.........#
, * ,
.........#
,, *
*########.#
* #.# , ,
#.# , #.# *
#.#* , * *


You could see an ogre.

Vanquished Creatures
  A worker ant (D:4)
  2 adders
  An ooze (D:2)
  2 worms
  2 dart slugs
  4 leopard geckos
  4 orcs (D:3)
  2 giant cockroaches
  3 goblins
  4 hobgoblins
  6 jackals
  A quokka (D:3)
  A ball python (D:3)
  7 bats
  3 frilled lizards
  3 kobolds (D:1)
  9 rats
55 creatures vanquished.

Vanquished Creatures (collateral kills)
  An adder (D:3)
  A hobgoblin (D:3)
  A rat (D:3)
3 creatures vanquished.

Grand Total: 58 creatures vanquished

Notes
Turn   | Place    | Note
-------+----------+-------------------------------------------
     0 | D:1      | chorionicmirror the Demonspawn Necromancer began the quest for the Orb.
     0 | D:1      | Reached XP level 1. HP: 13/13 MP: 3/3
     2 | D:1      | Learned a level 1 spell: Animate Skeleton
   369 | D:1      | Gained mutation: You have a pair of small antennae on your head. [demonic ancestry]
   369 | D:1      | Reached XP level 2. HP: 12/19 MP: 0/5
  1389 | D:2      | Reached skill level 5 in Necromancy
  1466 | D:2      | Reached XP level 3. HP: 19/25 MP: 0/6
  1762 | D:2      | Reached skill level 1 in Fighting
  1897 | D:2      | Found a shadowy altar of Dithmenos.
  2421 | D:3      | Reached skill level 1 in Long Blades
  2543 | D:3      | Reached XP level 4. HP: 32/33 MP: 7/7
  3297 | D:3      | Gained mutation: Your spells are a little easier to cast, but a little less powerful. [potion of mutation]
  3297 | D:3      | Gained mutation: Your body sometimes deteriorates upon taking damage. [potion of mutation]
  3297 | D:3      | Gained mutation: You can translocate small distances at will. [potion of mutation]
  3297 | D:3      | Gained mutation: You passively map a small area around you. [potion of mutation]
  3354 | D:4      | Noticed an ogre
  3438 | D:4      | HP: 1/34 [ogre/giant club (20)]
  3442 | D:4      | Annihilated by an ogre

Vault maps used:
D:1:      minmay_arrival_loop
D:2:      nicolae_dithmenos_through_a_glass_darkly
D:3:      serial_park_tiny_pond
D:4:      cheibrodos_helix_gallery, minmay_temple_entry_crystal_x,
          gammafunk_ghost_arena, first_ration, fedhas_bush_and_centaur_altar,
          uniq_blork_the_orc, uniq_duvessa

Skill      XL: |  1  2  3  4 |
---------------+-------------+-----
Necromancy     | 5 |  5.0
Dodging        | 2 |  2.0
Fighting       | 1 2 |  2.5
Stealth        | 2 |  2.0
Long Blades    | 1 2 |  2.0
Short Blades   | |  0.6
Spellcasting   | |  2.0

Action                   |  1- 3 |  4- 6 || total
-------------------------+-------+-------++-------
Melee: Unarmed           |     6 |       ||     6
       Short sword       |    27 |       ||    27
       Long sword        |    40 |    47 ||    87
 Cast: Pain              |    43 |    18 ||    61
       Animate Skeleton  |     7 |     7 ||    14
  Use: Scroll            |     7 |     3 ||    10
       Potion            |       |     3 ||     3
 Stab: Sleeping          |     1 |       ||     1
  Eat: Chunk             |     3 |     2 ||     5
       Ration            |     1 |     1 ||     2
Armor: Robe              |    21 |    14 ||    35
Dodge: Dodged            |    74 |    63 ||   137
       Rpst.: Long sword |    16 |    17 ||    33

Table legend:
 A = Spawn XP
 B = Non-spawn XP
 C = Spawn XP percentage of total XP
 D = Spawn monster count
 E = Non-spawn monster count
 F = Spawn count percentage of total count
 G = Total turns spent on level
                    A         B        C        D         E        F      G
               +---------+---------+-------+---------+---------+-------+---------
         Total |       0 |     179 |   0.0 |       0 |      58 |   0.0 |  3442
               +---------+---------+-------+---------+---------+-------+---------
           D:1 |       0 |      32 |   0.0 |       0 |      20 |   0.0 |  1357
           D:2 |       0 |      38 |   0.0 |       0 |      11 |   0.0 |   833
           D:3 |       0 |      76 |   0.0 |       0 |      26 |   0.0 |  1222
           D:4 |       0 |      33 |   0.0 |       0 |       1 |   0.0 |    30
               +---------+---------+-------+---------+---------+-------+---------
